 Dungeon Crawl Stone Soup version 0.13-a0-3073-ga7cf4ae (webtiles) character file.

113 Sachiko the Digger (level 3, 0/19 HPs)
             Began as a Gargoyle Earth Elementalist on Sept 16, 2013.
             Slain by an orc
             ... wielding a -1,+0 orcish flail
              (3 damage)
             ... on Level 3 of the Dungeon.
             The game lasted 00:05:12 (1734 turns).

Sachiko the Digger (Gargoyle Earth Elementalist)    Turns: 1734, Time: 00:05:12

HP   0/19        AC  7     Str 11      XL: 3   Next: 62%
MP   5/5         EV 12     Int 16      God:
Gold 69          SH  0     Dex 10      Spells:  1 memorised,  3 levels left

Res.Fire  : . . .   See Invis. : .   e - +1,+0 mace
Res.Cold  : . . .   Warding    : .   c - +0 robe
Life Prot.: + . .   Conserve   : .   (no shield)
Res.Poison: +       Res.Corr.  : .   i - +2 orc wizard hat
Res.Elec. : +       Clarity    : .   (no cloak)
Sust.Abil.: . .     Spirit.Shd : .   (no gloves)
Res.Mut.  : .       Stasis     : .   (no boots)
Res.Rott. : +       Flight     : .   (no amulet)
Saprovore : . . .                    (no ring)
                                     (no ring)

@: not resistant to hostile enchantments, fairly stealthy
A: fangs 1, talons 2, life protection 1, electricity resistance, slow metabolism
1, unbreathing, petrification resistance, AC +3
a: no special abilities


You were on level 3 of the Dungeon.
You were hungry.

You visited 1 branch of the dungeon, and saw 3 of its levels.

You collected 49 gold pieces.

Inventory:

Hand weapons
 e - a +1,+0 mace (weapon)
 f - a +1,+1 mace
Missiles
 b - 83 stones (quivered)
Armour
 c - a +0 robe (worn)
 i - a +2 orcish wizard hat (worn)
Comestibles
 a - a bread ration
 l - a meat ration
Scrolls
 g - a scroll of identify
 k - a scroll of enchant weapon II {unknown}
Jewellery
 h - an uncursed ring of fire
 j - an uncursed amulet of the gourmand {unknown}
Books
 d - a book of Geomancy

   Spells                             Type                      Level
   *Sandblast                         Earth                        1
   Stoneskin                          Transmutation/Earth          2
   Passwall                           Transmutation/Earth          3
   Stone Arrow                        Conjuration/Earth            3
   Petrify                            Transmutation/Earth          4
   Lee's Rapid Deconstruction         Earth                        5


   Skills:
 + Level 0.9 Fighting
 + Level 0.4 Maces & Flails
 - Level 1.5 Dodging
 - Level 2.1 Stealth
 + Level 1.1 Spellcasting
   Level 0.7 Transmutations
 + Level 5.0 Earth Magic


You had 3 spell levels left.
You knew the following spells:

 Your Spells              Type           Power        Failure   Level  Hunger
a - Sandblast             Erth           ###...       3%          1    ##.....


Dungeon Overview and Level Annotations

Branches:
Dungeon (3/27)

Altars:
Nemelex Xobeh
Vehumet


Innate Abilities, Weirdness & Mutations

You are resistant to torment.
You are immune to poison.
Your stone body is very resilient (AC +3).
You have very sharp teeth.
You have razor-sharp toenails.
You resist negative energy.
You are resistant to electric shocks.
You have a slow metabolism.
You can survive without breathing.
You are immune to petrification.


Message History

You completely miss the adder. Your bite misses the adder.
The adder bites you but does no damage. The adder misses you.
The orc hits you with an orcish flail.
You barely miss the adder. The adder completely misses you.
The orc hits you with an orcish flail!
* * * LOW HITPOINT WARNING * * *
The adder barely misses you.
You miss the adder. Your kick misses the adder. The adder barely misses you.
The orc hits you but does no damage. The adder bites you but does no damage.
You miss the adder. The adder barely misses you.
The orc hits you but does no damage.
You aren't carrying any potions.
An adder comes into view.
The giant cockroach waves its antennae.
The goblin barely misses you. The adder bites you.
* * * LOW HITPOINT WARNING * * *
The goblin barely misses you.
Found 10 gold pieces.
The orc hits you with an orcish flail.
You die...

..# #.# #.# #.# #.# #.#
... #. #.# #.# .... ...
#S# ####.# .....
....####.###....##......
.$........Ssw............
........gorK..........#
.#.!....@#######.....##
###.....# #.<..## #......
#)...# ####...# ##..>#
#.... #...# ##...# ......
#...# ..#....# .....
....... ..# #######


You could see a worm, 2 adders, an orc, a giant cockroach, a goblin, a kobold
and a rat.

Vanquished Creatures
  Terence (D:2)
  An orc (D:3)
  2 bats
  A giant cockroach (D:2)
  2 hobgoblins (D:1)
  4 jackals (D:1)
  4 kobolds
  2 quokkas (D:2)
  A ball python (D:1)
  4 goblins
  7 rats
29 creatures vanquished.

Vanquished Creatures (others)
  A hobgoblin (D:2)
1 creature vanquished.

Grand Total: 30 creatures vanquished

Notes
Turn   | Place    | Note
--------------------------------------------------------------
     0 | D:1      | Sachiko, the Gargoyle Earth Elementalist, began the quest for the Orb.
     0 | D:1      | Reached XP level 1. HP: 10/10 MP: 3/3
   253 | D:1      | Reached skill level 4 in Earth Magic
   296 | D:1      | Reached XP level 2. HP: 12/15 MP: 4/4
   851 | D:2      | Found a sparkling altar of Nemelex Xobeh.
   973 | D:2      | Found a radiant altar of Vehumet.
  1106 | D:2      | Noticed Terence
  1121 | D:2      | Killed Terence
  1121 | D:2      | Reached XP level 3. HP: 10/19 MP: 5/5
  1494 | D:2      | Reached skill level 5 in Earth Magic
  1734 | D:3      | Slain by an orc

Action                   || total
-------------------------++-------
Melee: Mace              ||    93
       Unarmed           ||     4
 Cast: Sandblast         ||     1
  Use: Scroll            ||     7
       Potion            ||     1
 Stab: Sleeping          ||     2
